 Dungeon Crawl Stone Soup version 0.23.0 (console) character file.

Game seed: 17731200273525830451

79 Cab the Chopper (level 4, -7/35 HPs)
             Began as a Demonspawn Berserker on Feb 14, 2019.
             Was a Believer of Trog.
             Mangled by a gnoll
             ... wielding a +3 halberd of venom
              (8 damage)
             ... on level 2 of the Dungeon.
             The game lasted 00:04:26 (1302 turns).

Cab the Chopper (Demonspawn Berserker)              Turns: 1302, Time: 00:04:27

Health: -7/35      AC:  8    Str: 18    XL:     4   Next: 17%
Magic:  0/4        EV:  7    Int: 11    God:    Trog [**....]
Gold:   78         SH:  0    Dex: 14    Spells: 3/3 levels left

rFire    . . .     SeeInvis .   a - +0 hand axe
rCold    . . .     Gourm    .   (no shield)
rNeg     . . .     Faith    .   l - +0 chain mail (curse)
rPois    .         Spirit   +   (helmet restricted)
rElec    .         Reflect  .   (no cloak)
rCorr    .         Harm     .   (no gloves)
MR       .....                  (no boots)
Stlth    ..........             (no amulet)
HPRegen  0.11/turn              g - +2 ring of intelligence
MPRegen  0.18/turn              (no ring)

@: lethally poisoned (-7 -> -35), berserk cooldown, slowed, very slow
A: horns 1, agile 1, blurry vision 1, magic shield, magic regeneration
a: Berserk, Trog's Hand, Renounce Religion


You were on level 2 of the Dungeon.
You worshipped Trog.
Trog was pleased with you.
You were very hungry.

You visited 1 branch of the dungeon, and saw 2 of its levels.

You collected 78 gold pieces.

Inventory:

Hand Weapons
 a - a +0 hand axe (weapon)
Armour
 l - a cursed +0 chain mail (worn)
Jewellery
 g - a +2 ring of intelligence (left hand)
Scrolls
 d - a scroll of fog {unknown}
 h - 4 scrolls of identify {unknown}
 i - 2 scrolls of magic mapping {unknown}
 j - a scroll of remove curse {unknown}
 k - 2 scrolls of enchant armour {unknown}
Potions
 e - a potion of cancellation {unknown}
 f - a potion of curing {unknown}
Comestibles
 c - 2 rations


   Skills:
 - Level 3.0 Fighting
 + Level 4.6 Axes
 - Level 1.7 Armour
 - Level 1.7 Dodging


You had 3 spell levels left.
You didn't know any spells.
Your spell library was empty.

Dungeon Overview and Level Annotations

Branches:
Dungeon (2/15)

Altars:
Hepliaklqana
Uskayaw


Innate Abilities, Weirdness & Mutations

When hurt, damage is shared between your health and your magic reserves.
You regenerate magic rapidly.
You have a pair of small horns on your head.
You are agile. (Dex +2)
Scrolls take you a little longer to read.


Message History

You feel sick. The gnoll hits you but does no damage.
You are more poisoned.
Items here: %% )) a +0 flail x2; a gnoll corpse; a dart slug corpse You feel sick.
The gnoll barely misses you.
Items here: %% )) a +0 dagger; a cursed -2 club; a quokka corpse; a goblin corpse You feel sick.
The gnoll closely misses you.
You barely miss the kobold.
You feel sick.
The gnoll hits you from afar with a +3 halberd of venom!
* * * LOW HITPOINT WARNING * * *
You are more poisoned.
The kobold hits you but does no damage.
It was a potion of mutation.
You feel extremely strange. A pair of horns grows on your head!
Your vision blurs.
You feel agile.
* * * LOW HITPOINT WARNING * * *
You feel very sick. The kobold hits you but does no damage.
The gnoll hits you from afar with a +3 halberd of venom!
You die... ∙∙ ∙⌠∙∙∙∙ ▒∙ ∙∙∙∙∙∙ ∙∙∙ ∙∙≈≈≈≈ ▒▒ ▒∙▒▒▒▒∙∙≈≈≈∙ ∙∙∙▒▒▒∙▒▒∙∙∙∙≈≈≈∙∙∙▒ ∙∙▒ ▒▒∙∙∙∙∙▒▒∙∙∙∙≈≈≈∙∙∙ ▒∙∙ ∙∙∙▒ ▒∙∙▒▒g∙∙∙∙∙≈∙∙ ∙∙ ∙∙∙▒ ▒∙∙@K)▒ ∙∙∙∙

▒∙ ▒∙∙▒▒▒∙∙∙▒▒▒ ▒∙∙▒▒ ▒∙▒▒
▒∙∙∙∙∙∙∙▒▒▒▒▒ ▒∙∙∙▒
▒∙∙▒▒▒▒▒∙∙∙∙▒▒∙∙∙∙∙▒▒▒∙∙∙▒
▒∙▒▒∙∙∙∙∙∙∙∙▒∙>▒▒∙∙∙∙∙∙∙▒
▒∙∙∙∙∙∙∙∙▄∙∙∙∙∙∙∙∙∙∙∙∙∙∙▒
▒∙∙∙%▒▒∙%8∙∙▒∙▒∙▒▒▒▒∙∙∙∙▒
▒▒▒∙[▒▒▒▒∙∙▄∙∙▒∙▒∙▒▒▒∙∙∙∙∙▒
∙∙∙∙∙▒ ▒∙∙∙∙∙∙∙▒∙∙▒▒∙▒▒▒▒▒
∙∙ ∙▒▒∙∙▒▒
▒∙∙▒▒▒∙▒▒▒∙∙∙∙▒▒▒▒▒∙∙▒
▒∙∙∙∙▒▒▒▒∙∙∙▒∙▒
▒▒∙∙∙∙∙∙∙(∙▒∙


You could see a gnoll and a kobold.

Vanquished Creatures
  2 gnolls (D:2)
  An adder (D:2)
  A worm (D:2)
  3 dart slugs
  2 leopard geckos (D:1)
  3 bats
  7 goblins
  3 hobgoblins
  7 jackals (D:2)
  A quokka (D:2)
  A ball python (D:2)
  2 frilled lizards (D:1)
  2 kobolds (D:1)
  2 rats (D:1)
37 creatures vanquished.

Notes
Turn   | Place    | Note
-------+----------+-------------------------------------------
     0 | D:1      | Cab the Demonspawn Berserker began the quest for the Orb.
     0 | D:1      | Reached XP level 1. HP: 18/18 MP: 1/1
    93 | D:1      | Reached skill level 3 in Axes
   150 | D:1      | Gained mutation: When hurt, damage is shared between your
                  | health and your magic reserves. [demonic ancestry]
   150 | D:1      | Reached XP level 2. HP: 14/24 MP: 2/2
   892 | D:2      | Reached XP level 3. HP: 16/29 MP: 0/3
   953 | D:2      | Reached skill level 4 in Axes
  1213 | D:2      | Found a hide-covered altar of Uskayaw.
  1224 | D:2      | Found a hazy altar of Hepliaklqana.
  1293 | D:2      | Reached ** piety under Trog
  1296 | D:2      | Gained mutation: You regenerate magic rapidly. [demonic
                  | ancestry]
  1296 | D:2      | Reached XP level 4. HP: 35/35 MP: 4/4
  1302 | D:2      | Gained mutation: You have a pair of small horns on your
                  | head. [potion of mutation]
  1302 | D:2      | Gained mutation: Scrolls take you a little longer to read.
                  | [potion of mutation]
  1302 | D:2      | Gained mutation: You are agile. (Dex +2) [potion of
                  | mutation]
  1302 | D:2      | HP: 1/35 [poisoned by a gnoll]
  1302 | D:2      | Mangled by a gnoll

Skill      XL: |  1  2  3 |
---------------+----------+-----
Axes           | 3 4 |  4.6
Fighting       | |  3.0
Armour         | |  1.7
Dodging        | |  1.7

Action                   |  1- 3 |  4- 6 || total
-------------------------+-------+-------++-------
Melee: Hand axe          |   126 |     2 ||   128
Invok: Berserk           |     1 |       ||     1
  Use: Potion            |       |     1 ||     1
  Eat: Chunk             |     1 |       ||     1
Armor: Animal skin       |    10 |       ||    10
       Chain mail        |    27 |     3 ||    30
Dodge: Dodged            |    59 |     2 ||    61
